 Dungeon Crawl Stone Soup version 0.21.1-1-g345015fe64 (webtiles) character file.

133 Loge the Changer (level 4, -3/35 HPs)
             Began as a Draconian Transmuter on July 17, 2018.
             Killed from afar by Sigmund (8 damage)
             ... with a magic dart
             ... on level 3 of the Dungeon.
             The game lasted 00:09:25 (3483 turns).

Loge the Changer (Draconian Transmuter)             Turns: 3483, Time: 00:09:25

Health: -3/35      AC:  6    Str: 12    XL:     4   Next: 93%
Magic:  1/7        EV: 12    Int: 15    God:
Gold:   205        SH:  0    Dex: 11    Spells: 4/7 levels left

rFire    . . .     SeeInvis .     - Unarmed
rCold    . . .     Gourm    .   (no shield)
rNeg     . . .     Faith    .   (armour unavailable)
rPois    .         Spirit   .   (helmet restricted)
rElec    .         Reflect  .   d - +0 cloak
rCorr    .         Harm     .   (no gloves)
MR       .....                  (no boots)
Stlth    +.........             (no amulet)
HPRegen  0.11/turn              (no ring)
MPRegen  0.10/turn              (no ring)

@: no status effects
A: unfitting armour, cold-blooded, AC +5
a: no special abilities


You were on level 3 of the Dungeon.
You were very hungry.

You visited 1 branch of the dungeon, and saw 3 of its levels.

You collected 205 gold pieces.

Inventory:

Hand Weapons
 q - a +0 blowgun
Missiles
 a - 14 arrows
 h - 29 poisoned needles
 j - 102 stones (quivered)
Armour
 d - a +0 cloak (worn)
 m - a +0 pair of gloves
Jewellery
 n - an uncursed amulet of magic regeneration {unknown}
Scrolls
 e - 4 scrolls of identify {unknown}
 f - a scroll of remove curse {unknown}
 l - a scroll of noise {unknown}
 o - a scroll of enchant armour {unknown}
 r - a scroll of fear {unknown}
 s - 3 scrolls of immolation {unknown}
 t - a scroll of magic mapping {unknown}
Potions
 g - 4 potions of brilliance {unknown}
 k - 2 potions of heal wounds {unknown}
 p - 2 potions of lignification {unknown}
Books
 b - a book of Changes

   Spells                             Type                      Level
   a - Beastly Appendage              Transmutation                1
   b - Sticks to Snakes               Transmutation                2
   c - Spider Form                    Transmutation/Poison         3
   d - Ice Form                       Ice/Transmutation            4
   e - Blade Hands                    Transmutation                5
Comestibles
 c - 4 rations


   Skills:
 - Level 1.1 Fighting
 - Level 1.7 Dodging
 + Level 4.0 Unarmed Combat
 - Level 2.0 Spellcasting
 * Level 4.4 Transmutations


You had 4 spell levels left.
You knew the following spells:

 Your Spells              Type           Power        Failure   Level  Hunger
a - Beastly Appendage     Tmut           ##....       3%          1    #......
b - Sticks to Snakes      Tmut           ##......     5%          2    ###....


Dungeon Overview and Level Annotations

Branches:
Dungeon (3/15)

Altars:
The Shining One

Annotations:
D:3 Sigmund


Innate Abilities, Weirdness & Mutations

Your plain brown scales are hard. (AC +5)
You cannot fit into any form of body armour.
You are cold-blooded and may be slowed by cold attacks.


Message History

You are feeling very hungry.
Casting: Beastly Appendage
Confirm with . or Enter, or press ? or * to list all spells.
You create a snake!
You now have 16 arrows.
You swap places.
A puff of flame appears from out of thin air!
The puff of flame hits your ball python.
Your ball python dies!
Casting: Sticks to Snakes
Confirm with . or Enter, or press ? or * to list all spells.
You create a snake!
You now have 15 arrows.
A magic dart appears from out of thin air!
The magic dart hits your ball python.
Your ball python dies!
Casting: Sticks to Snakes
Confirm with . or Enter, or press ? or * to list all spells.
You create a snake!
You now have 14 arrows.
A magic dart appears from out of thin air!
The magic dart hits you!
You die...

######## #......####
#.........##########
#..###.##.#...(....#
#..#...##.#.######.# #
#....#.........###.# ##
#......##.#.@.S....#
.####......##.#.#####..#
#..)..........#.# #..#
.######.#######.# #.##
## #.# #.# #.# # #.#
#.#####.# # ##'##
#.......# # ##...##
#######.# # ##.....##
### #.#


You could see a friendly adder.

Vanquished Creatures
  Natasha (D:3)
  4 adders
  An ooze (D:2)
  A worm (D:2)
  2 dart slugs
  3 leopard geckos
  An orc (D:3)
  4 giant cockroaches
  6 goblins
  5 hobgoblins
  9 kobolds
  15 bats
  5 frilled lizards
  A rat (D:1)
58 creatures vanquished.

Notes
Turn   | Place    | Note
-------+----------+-------------------------------------------
     0 | D:1      | Loge the Draconian Transmuter began the quest for the Orb.
     0 | D:1      | Reached XP level 1. HP: 16/16 MP: 3/3
    68 | D:1      | You fall through a shaft!
    90 | D:2      | Reached XP level 2. HP: 15/23 MP: 1/5
   293 | D:2      | Learned a level 2 spell: Sticks to Snakes
   729 | D:2      | Reached XP level 3. HP: 26/28 MP: 4/6
  1891 | D:2      | Reached XP level 4. HP: 35/35 MP: 7/7
  2592 | D:3      | Noticed Sigmund
  2900 | D:3      | Noticed Natasha
  2913 | D:3      | Killed Natasha
  3286 | D:3      | Found a glowing golden altar of the Shining One.
  3449 | D:3      | HP: 1/35 [something/puff of flame (8)]
  3483 | D:3      | Killed from afar by Sigmund

Skill      XL: |  1  2  3  4 |
---------------+-------------+-----
Transmutations | 3 4 |  4.4
Unarmed Combat | 4 |  4.0
Fighting       | |  1.1
Dodging        | |  1.7
Spellcasting   | |  2.0

Action                   |  1- 3 |  4- 6 || total
-------------------------+-------+-------++-------
Melee: Unarmed           |   116 |    99 ||   215
       Kick              |    13 |     1 ||    14
       Tailslap          |     4 |    10 ||    14
       Headbutt          |     2 |     3 ||     5
       Punch             |     1 |       ||     1
 Cast: Beastly Appendage |    14 |    10 ||    24
       Sticks to Snakes  |     2 |     6 ||     8
 Stab: Sleeping          |     1 |     3 ||     4
  Eat: Chunk             |     4 |     4 ||     8
Armor: Skin              |    48 |    47 ||    95
Dodge: Dodged            |    86 |    60 ||   146
